General information
- name: BNet
- type: Ladder team game (AT/RT)
- host: Battle.net
- saver:
map: MarketSquare
- players: 8
- length: 38:25
- speed: Fast
- version: 1.26 W3XP
- replay type: Public
» download(186 KB)
Players
team 1 (winner)

»
Wah (
pink | 74 APM | 1220 actions | 16:35)
5 Blademaster
3 Wind Walk
2 Critical Strike
2 Shadow Hunter
1 Hex
1 Healing Wave
1 Far Seer
1 Chain Lighting
» actions
| Assign group hotkey | 28 | |
| Basic commands | 85 | |
| Build / train | 58 | |
| Enter build submenu | 23 | |
| Enter hero's abilities submenu | 8 | |
| Give item / drop item | 3 | |
| Right click | 499 | |
| Select / deselect | 174 | |
| Select group hotkey | 287 | |
| Use ability | 55 | |
1220 total
» units
| Peon | 16 | |
| Grunt | 9 | |
| Tauren | 2 | |
| Shaman | 2 | |
| Troll Batrider | 2 | |
| Wind Rider | 1 | |
32 total
» upgrades
| Armor | 2 | |
| Berserker Strength | 1 | |
| Melee Weapons | 1 | |
| Shaman Training | 2 | |
| Pulverize | 1 | |
| Ranged Weapons | 1 | |
| Reinforced Defenses | 1 | |
| Liquid Fire | 1 | |
10 total
» buildings
| Altar of Storms | 1 | |
| Orc Burrow | 10 | |
| Barracks | 1 | |
| Voodoo Lounge | 2 | |
| Great Hall | 2 | |
| War Mill | 1 | |
| Stronghold | 1 | |
| Watch Tower | 2 | |
| Fortress | 1 | |
| Spirit Lodge | 1 | |
| Tauren Totem | 2 | |
| Beastiary | 2 | |
26 total
» build order
00:10 Altar of Storms
00:19 Orc Burrow
00:37 Barracks
01:24 Voodoo Lounge
01:27 Voodoo Lounge
01:58 Orc Burrow
02:00 Orc Burrow
04:26 Great Hall
05:04 War Mill
05:15 Orc Burrow
05:30 Stronghold
07:27 Great Hall
08:06 Orc Burrow
08:22 Watch Tower
08:23 Watch Tower
08:48 Orc Burrow
09:28 Fortress
10:28 Spirit Lodge
11:52 Tauren Totem
11:56 Tauren Totem
13:27 Orc Burrow
13:29 Orc Burrow
13:29 Orc Burrow
13:35 Beastiary
13:36 Beastiary
15:43 Orc Burrow
» items
| Healing Salve | 2 | |
| Lesser Clarity Potion | 1 | |
3 total
SuckitHard (
red | 45 APM | 634 actions | 14:13)
3 Lich
2 Frost Nova
1 Frost Armor
» actions
| Assign group hotkey | 3 | |
| Basic commands | 4 | |
| Build / train | 26 | |
| Enter build submenu | 10 | |
| Enter hero's abilities submenu | 3 | |
| Right click | 422 | |
| Select / deselect | 122 | |
| Select group hotkey | 28 | |
| Use ability | 16 | |
634 total
» units
| Acolyte | 2 | |
| Ghoul | 3 | |
| Crypt Fiend | 8 | |
13 total
» upgrades
| Creature Carapace | 1 | |
| Web | 1 | |
| Creature Attack | 1 | |
3 total
» buildings
| Crypt | 1 | |
| Graveyard | 1 | |
| Ziggurat | 3 | |
| Altar of Darkness | 1 | |
| Tomb of Relics | 1 | |
| Spirit Tower | 2 | |
| Nerubian Tower | 1 | |
| Halls of the Dead | 1 | |
| Black Citadel | 1 | |
| Sacrificial Pit | 1 | |
13 total
» build order
00:08 Crypt
00:15 Graveyard
00:42 Ziggurat
01:00 Altar of Darkness
01:43 Tomb of Relics
01:57 Ziggurat
03:41 Ziggurat
05:29 Spirit Tower
05:30 Spirit Tower
05:32 Nerubian Tower
06:10 Halls of the Dead
08:53 Black Citadel
09:00 Sacrificial Pit
» items
7hiNKTaNK (
yellow | 159 APM | 2533 actions | 15:55)
7 Archmage
3 Summon Water Elemental
3 Brilliance Aura
1 Blizzard
2 Mountain King
1 Storm Bolt
1 Bash
1 Paladin
1 Holy Light
» actions
| Assign group hotkey | 46 | |
| Basic commands | 42 | |
| Build / train | 150 | |
| Enter build submenu | 32 | |
| Enter hero's abilities submenu | 9 | |
| Give item / drop item | 8 | |
| Right click | 1120 | |
| Select / deselect | 229 | |
| Select group hotkey | 762 | |
| Use ability | 135 | |
2533 total
» units
| Peasant | 16 | |
| Footman | 13 | |
| Forest Troll High Priest | 3 | |
| Kobold Geomancer | 4 | |
| Acolyte | 1 | |
| Flying Machine | 4 | |
| Priest | 3 | |
| Dragonhawk Rider | 3 | |
| Gryphon Rider | 1 | |
48 total
» upgrades
| Defend | 1 | |
| Masonry | 4 | |
| Backpack | 1 | |
| Lumber Harvesting | 4 | |
| Magic Sentry | 1 | |
| Animal War Training | 1 | |
| Flak Cannons | 1 | |
| Priest Training | 1 | |
14 total
» buildings
| Altar of Kings | 1 | |
| Barracks | 1 | |
| Farm | 11 | |
| Scout Tower | 17 | |
| Arcane Tower | 4 | |
| Lumber Mill | 2 | |
| Arcane Vault | 2 | |
| Guard Tower | 7 | |
| Town Hall | 1 | |
| Keep | 3 | |
| Blacksmith | 1 | |
| Castle | 4 | |
| Gryphon Aviary | 1 | |
| Workshop | 1 | |
| Arcane Sanctum | 1 | |
| Crypt | 1 | |
58 total
» build order
00:19 Altar of Kings
00:22 Barracks
00:25 Farm
01:02 Farm
01:40 Farm
02:04 Scout Tower
02:34 Farm
02:35 Arcane Tower
02:58 Farm
03:17 Farm
03:42 Lumber Mill
04:02 Scout Tower
04:29 Arcane Tower
04:31 Scout Tower
05:17 Arcane Vault
05:27 Guard Tower
05:47 Town Hall
05:53 Scout Tower
07:15 Keep
07:15 Keep
07:17 Guard Tower
07:18 Scout Tower
07:18 Scout Tower
07:19 Scout Tower
07:48 Guard Tower
07:49 Scout Tower
08:14 Arcane Vault
08:17 Arcane Tower
08:19 Farm
08:20 Farm
08:20 Farm
08:31 Farm
08:32 Farm
08:39 Blacksmith
08:40 Scout Tower
08:41 Scout Tower
08:42 Scout Tower
08:50 Scout Tower
08:50 Scout Tower
08:51 Scout Tower
08:52 Scout Tower
08:52 Scout Tower
08:52 Scout Tower
09:17 Guard Tower
10:41 Castle
10:41 Castle
10:41 Castle
11:12 Gryphon Aviary
11:16 Workshop
11:55 Arcane Sanctum
11:57 Lumber Mill
12:18 Guard Tower
12:18 Guard Tower
12:18 Guard Tower
14:24 Crypt
» items
| Scroll of Regeneration | 7 | |
| Lesser Clarity Potion | 7 | |
| Scroll of Town Portal | 1 | |
| Boots of Speed | 1 | |
| Tome of Retraining | 1 | |
| Potion of Invisibility | 1 | |
| Staff of Teleportation | 4 | |
| Potion of Lesser Invulnerability | 1 | |
| Periapt of Vitality | 1 | |
| Circlet of Nobility | 4 | |
28 total

»
PAININTHEREAR. (
orange | 67 APM | 2566 actions | 38:25)
7 Pandaren Brewmaster
3 Breath of Fire
3 Drunken Brawler
1 Storm Earth and Fire
3 Blademaster
1 Bladestorm
1 Critical Strike
1 Mirror Image
2 Far Seer
2 Chain Lighting
1 Mountain King
1 Storm Bolt
» actions
| Assign group hotkey | 65 | |
| Basic commands | 51 | |
| Build / train | 80 | |
| Enter build submenu | 27 | |
| Enter hero's abilities submenu | 13 | |
| Give item / drop item | 7 | |
| Remove unit from queue | 2 | |
| Right click | 1063 | |
| Select / deselect | 276 | |
| Select group hotkey | 835 | |
| Use ability | 147 | |
2566 total
» units
| Acolyte | 4 | |
| Ghoul | 4 | |
| Frost Wyrm | 5 | |
| Troll Batrider | 10 | |
| Dragonhawk Rider | 7 | |
30 total
» upgrades
| Creature Attack | 3 | |
| Freezing Breath | 1 | |
| Creature Carapace | 1 | |
| Cloud | 1 | |
6 total
» buildings
| Crypt | 2 | |
| Ziggurat | 18 | |
| Graveyard | 1 | |
| Altar of Darkness | 1 | |
| Nerubian Tower | 2 | |
| Spirit Tower | 10 | |
| Halls of the Dead | 2 | |
| Black Citadel | 2 | |
| Tomb of Relics | 1 | |
| Sacrificial Pit | 1 | |
| Boneyard | 3 | |
| Gryphon Aviary | 2 | |
| Watch Tower | 15 | |
60 total
» build order
00:14 Crypt
00:16 Ziggurat
00:41 Graveyard
01:04 Altar of Darkness
01:37 Nerubian Tower
01:57 Ziggurat
02:16 Ziggurat
02:24 Ziggurat
02:42 Ziggurat
03:12 Ziggurat
04:05 Spirit Tower
04:10 Ziggurat
04:27 Ziggurat
05:14 Halls of the Dead
05:16 Spirit Tower
05:41 Spirit Tower
05:41 Spirit Tower
05:48 Ziggurat
06:32 Ziggurat
06:33 Ziggurat
07:57 Black Citadel
08:15 Tomb of Relics
08:17 Spirit Tower
08:47 Sacrificial Pit
08:49 Spirit Tower
10:44 Boneyard
10:45 Boneyard
10:47 Boneyard
11:16 Spirit Tower
11:17 Spirit Tower
11:21 Nerubian Tower
11:25 Crypt
16:57 Gryphon Aviary
16:58 Gryphon Aviary
17:39 Ziggurat
17:40 Ziggurat
17:43 Ziggurat
17:45 Ziggurat
18:59 Spirit Tower
20:47 Spirit Tower
21:51 Watch Tower
21:51 Watch Tower
21:52 Watch Tower
21:53 Watch Tower
21:53 Watch Tower
21:56 Watch Tower
21:57 Watch Tower
22:04 Watch Tower
22:04 Watch Tower
23:30 Watch Tower
23:30 Watch Tower
23:31 Watch Tower
23:32 Watch Tower
23:33 Watch Tower
23:41 Ziggurat
23:41 Ziggurat
» items
| Healing Salve | 1 | |
| Staff of Teleportation | 1 | |
| Boots of Speed | 1 | |
| Scroll of Town Portal | 2 | |
| Orb of Corruption | 1 | |
6 total
team 2 (loser)

»
EdSnowden (
teal | 48 APM | 1836 actions | 38:25)
6 Death Knight
2 Death Coil
3 Unholy Aura
1 Animate Dead
» actions
| Basic commands | 42 | |
| Build / train | 82 | |
| Enter build submenu | 38 | |
| Enter hero's abilities submenu | 6 | |
| Give item / drop item | 2 | |
| Remove unit from queue | 1 | |
| Right click | 1126 | |
| Select / deselect | 464 | |
| Use ability | 75 | |
1836 total
» units
| Acolyte | 3 | |
| Ghoul | 4 | |
| Crypt Fiend | 14 | |
| Wisp | 16 | |
| Meatwagon | 3 | |
| Chimaera | 8 | |
48 total
» upgrades
| Creature Attack | 3 | |
| Creature Carapace | 3 | |
| Web | 1 | |
| Corrosive Breath | 1 | |
| Strength of the Wild | 2 | |
| Reinforced Hides | 0 | |
10 total
» buildings
| Crypt | 2 | |
| Altar of Darkness | 1 | |
| Graveyard | 1 | |
| Ziggurat | 9 | |
| Tomb of Relics | 1 | |
| Halls of the Dead | 1 | |
| Spirit Tower | 4 | |
| Tree of Ages | 1 | |
| Black Citadel | 1 | |
| Tree of Eternity | 1 | |
| Ancient of Wind | 1 | |
| Slaughterhouse | 4 | |
| Chimaera Roost | 3 | |
| Moon Well | 8 | |
38 total
» build order
00:42 Crypt
00:44 Altar of Darkness
00:48 Graveyard
01:00 Ziggurat
01:15 Ziggurat
01:49 Crypt
02:12 Tomb of Relics
02:54 Ziggurat
05:00 Halls of the Dead
05:57 Ziggurat
07:05 Spirit Tower
07:59 Ziggurat
08:02 Ziggurat
08:04 Ziggurat
08:06 Ziggurat
08:08 Ziggurat
08:39 Tree of Ages
09:03 Spirit Tower
10:21 Black Citadel
11:06 Spirit Tower
12:31 Tree of Eternity
12:36 Ancient of Wind
14:54 Spirit Tower
20:39 Slaughterhouse
20:45 Slaughterhouse
20:47 Slaughterhouse
20:50 Slaughterhouse
26:33 Chimaera Roost
26:49 Chimaera Roost
27:00 Chimaera Roost
27:16 Moon Well
27:19 Moon Well
27:39 Moon Well
27:42 Moon Well
27:58 Moon Well
28:00 Moon Well
28:02 Moon Well
31:03 Moon Well
» items
| Scroll of Town Portal | 3 | |
| Dust of Appearance | 1 | |
| Periapt of Vitality | 3 | |
7 total

»
fuzzylumpkin (
green | 34 APM | 1297 actions | 37:49)
8 Archmage
3 Summon Water Elemental
3 Brilliance Aura
1 Mass Teleport
1 Blizzard
» actions
| Basic commands | 76 | |
| Build / train | 78 | |
| ESC pressed | 1 | |
| Enter build submenu | 24 | |
| Enter hero's abilities submenu | 8 | |
| Remove unit from queue | 1 | |
| Right click | 757 | |
| Select / deselect | 313 | |
| Use ability | 39 | |
1297 total
» units
| Peasant | 26 | |
| Footman | 10 | |
| Gryphon Rider | 9 | |
| Dragonhawk Rider | 1 | |
| Hippogryph | 10 | |
56 total
» upgrades
| Swords | 3 | |
| Armor | 3 | |
| Animal War Training | 1 | |
| Storm Hammers | 1 | |
8 total
» buildings
| Farm | 13 | |
| Barracks | 1 | |
| Altar of Kings | 1 | |
| Lumber Mill | 2 | |
| Scout Tower | 2 | |
| Guard Tower | 2 | |
| Keep | 1 | |
| Blacksmith | 1 | |
| Castle | 1 | |
| Gryphon Aviary | 2 | |
| Arcane Vault | 1 | |
27 total
» build order
00:21 Farm
00:41 Barracks
00:54 Altar of Kings
01:02 Farm
01:41 Farm
02:17 Farm
02:22 Lumber Mill
02:30 Lumber Mill
02:54 Farm
03:31 Scout Tower
04:11 Farm
04:12 Guard Tower
04:15 Keep
05:14 Blacksmith
05:17 Farm
06:30 Farm
06:36 Castle
06:40 Gryphon Aviary
07:40 Farm
07:58 Gryphon Aviary
08:39 Scout Tower
09:14 Farm
09:16 Guard Tower
11:10 Farm
12:39 Farm
13:34 Farm
21:36 Arcane Vault

»
wesley123 (
blue | 15 APM | 89 actions | 05:58)
» actions
| Build / train | 7 | |
| ESC pressed | 1 | |
| Enter build submenu | 11 | |
| Remove unit from queue | 1 | |
| Right click | 18 | |
| Select / deselect | 46 | |
| Use ability | 5 | |
89 total
» units
» buildings
| Ancient of War | 1 | |
| Hunter's Hall | 1 | |
| Altar of Elders | 1 | |
| Ancient Protector | 1 | |
| Tree of Life | 1 | |
5 total
» build order
01:18 Ancient of War
01:44 Hunter's Hall
02:22 Altar of Elders
03:44 Ancient Protector
04:58 Tree of Life
joshua222 (
purple | 21 APM | 755 actions | 36:37)
6 Blademaster
1 Wind Walk
3 Critical Strike
1 Mirror Image
1 Bladestorm
» actions
| Basic commands | 7 | |
| Build / train | 56 | |
| Enter build submenu | 25 | |
| Enter hero's abilities submenu | 6 | |
| Remove unit from queue | 2 | |
| Right click | 358 | |
| Select / deselect | 275 | |
| Use ability | 26 | |
755 total
» units
» upgrades
| Ranged Weapons | 3 | |
| Armor | 3 | |
| Envenomed Spears | 1 | |
7 total
» buildings
| Altar of Storms | 2 | |
| Orc Burrow | 9 | |
| War Mill | 1 | |
| Voodoo Lounge | 1 | |
| Stronghold | 1 | |
| Watch Tower | 5 | |
| Beastiary | 2 | |
| Fortress | 1 | |
22 total
» build order
00:25 Altar of Storms
00:39 Orc Burrow
00:54 Orc Burrow
01:08 War Mill
01:58 Voodoo Lounge
02:08 Orc Burrow
03:08 Stronghold
03:19 Watch Tower
03:32 Orc Burrow
04:26 Watch Tower
04:30 Watch Tower
05:37 Beastiary
05:41 Beastiary
05:48 Fortress
07:17 Orc Burrow
12:22 Watch Tower
12:38 Watch Tower
13:36 Orc Burrow
13:39 Orc Burrow
15:00 Orc Burrow
15:04 Orc Burrow
33:17 Altar of Storms
» items
Chat log
(01:14 / Allies) Wah: melee
(01:24 / Allies) SuckitHard: frost and fiends+lich
(01:26 / All) EdSnowden: brb pooping
(03:04 / All) EdSnowden: who unpaused. wtf. i was fast
(03:17 / All) PAININTHEREAR.: prob some arrogant bastard
(03:25 / All) EdSnowden: probably pink. scumbag
(03:28 / All) Wah: :>
(03:38 / All) Wah: :}
(05:00 / All) PAININTHEREAR.: who is hotter: emma watson or anne hathaway
(05:07 / All) EdSnowden: anne
(05:09 / All) Wah: really
(05:14 / All) EdSnowden: cat woman
(05:14 / All) EdSnowden: bro
(05:30 / All) PAININTHEREAR.: 1st cat woman is ugly, haley barry
(05:43 / All) EdSnowden: the dark night rises man
(05:56 / Allies) Wah: all
(06:06 / All) EdSnowden: about time that jagoff leaves
(06:08 / All) EdSnowden: 2k gold
(07:19 / Allies) SuckitHard: fk teloow
(07:23 / Allies) SuckitHard: yellow
(07:27 / Allies) SuckitHard: jesus
(07:27 / Allies) 7hiNKTaNK: no
(09:05 / Allies) SuckitHard: yellow
(09:14 / Allies) SuckitHard: u r just ...
(09:24 / All) PAININTHEREAR.: red is getting pissed at yellow for w/e reason lolz
(09:29 / All) PAININTHEREAR.: hes just ignoring him
(09:30 / All) Wah: so confuseD?
(09:47 / Allies) SuckitHard: he took my item
(09:56 / Allies) 7hiNKTaNK: you fucking showed up late retadr
(09:57 / Allies) PAININTHEREAR.: be a man and fight him back
(09:59 / Allies) 7hiNKTaNK: wtf you talking about
(09:59 / Allies) SuckitHard: if pink takes it,I wont say a thing
(10:01 / Allies) 7hiNKTaNK: you fucking scrub
(10:02 / All) EdSnowden: and yellows is small
(10:09 / Allies) Wah: oh relax
(10:09 / Allies) PAININTHEREAR.: kill him red show ur honor
(10:10 / Allies) 7hiNKTaNK: shut your fucking noob mouth bitch
(10:10 / All) EdSnowden: that might explain it
(10:21 / Allies) PAININTHEREAR.: kill him yellow do battle with one another!
(10:25 / Allies) SuckitHard: I wont do this
(10:34 / Allies) SuckitHard: this is a team
(10:36 / Allies) 7hiNKTaNK: then shut your fucking mouth
(10:38 / Allies) Wah: yee
(10:51 / Allies) SuckitHard: yellow u fking nigger
(10:51 / All) EdSnowden: i mean his name is suckithard even..
(10:56 / All) EdSnowden: clearly sucks a lot of dicks
(11:02 / All) PAININTHEREAR.: red and yellow are on the brink of civil war
(11:13 / All) EdSnowden: me and purple too
(11:22 / All) EdSnowden: purp took my loo
(11:23 / All) EdSnowden: loot
(11:32 / All) PAININTHEREAR.: they're fighting over same thing
(12:21 / Allies) SuckitHard: oj
(12:23 / Allies) SuckitHard: wtf
(12:56 / Allies) SuckitHard: pink im sry
(13:05 / Allies) SuckitHard: oj and yellow just
(13:11 / Allies) Wah: kk
(13:16 / Allies) Wah: griffs
(13:31 / Allies) Wah: play
(13:45 / Allies) SuckitHard: im done with those selfish people
(13:53 / Allies) SuckitHard: look at this
(14:04 / Allies) SuckitHard: how can we even consider to win
(14:21 / All) EdSnowden: yellow won?
(15:18 / All) EdSnowden: stay out
(15:20 / All) EdSnowden: fag
(16:02 / All) Wah: wtf kinda team
(16:05 / All) EdSnowden: lol he unsummoned red?
(16:07 / All) PAININTHEREAR.: lol
(16:09 / All) EdSnowden: pink shut up
(16:11 / All) PAININTHEREAR.: yes he did
(16:12 / All) Wah: idk these idiots
(16:19 / All) PAININTHEREAR.: its like this every game 4v4 game
(16:37 / All) EdSnowden: i said
(16:38 / All) EdSnowden: stay out
(16:39 / All) EdSnowden: faggot
(17:50 / All) PAININTHEREAR.: go ohio state!!!!
(17:58 / All) EdSnowden: penn state > ohio state
(18:02 / All) PAININTHEREAR.: oh i see
(18:10 / All) PAININTHEREAR.: i still cant believe joe paterno is gone
(18:19 / All) EdSnowden: :(
(18:25 / All) PAININTHEREAR.: the media was bashing him and they didnt even talk about his death
(18:40 / All) EdSnowden: its pretty sad that the media spent all the time on him
(18:47 / All) EdSnowden: and not sandusky who did the crimes
(18:51 / All) PAININTHEREAR.: so penn state students support him now?
(18:59 / All) EdSnowden: will always support him,
(19:05 / All) EdSnowden: he dind't cover anything up
(19:28 / All) EdSnowden: if he wanted to cover it up why would he report it to his superiors. makes 0 sense
(25:27 / All) fuzzylumpkin: teal?
(29:02 / All) EdSnowden: im the ididot
(29:06 / All) EdSnowden: but I at least didn't suicide
(32:20 / All) PAININTHEREAR.: i cant believe i 1v4'd this
(32:27 / All) EdSnowden: lol
(32:29 / All) PAININTHEREAR.: wow those easy campaign playthroughs are earning fruit
(32:34 / All) EdSnowden: purp get bats easy win
(32:41 / All) EdSnowden: lol
(35:06 / All) EdSnowden: AND WHO GOT IT
(35:07 / All) EdSnowden: THIS GUYS
(35:09 / All) EdSnowden: GUY*
(37:01 / All) EdSnowden: purp sucked
(37:03 / All) EdSnowden: major dick
(37:42 / All) EdSnowden: green raging
(37:54 / All) PAININTHEREAR.: nice
(38:02 / All) PAININTHEREAR.: shall i leave?
(38:09 / All) EdSnowden: hmm
(38:11 / All) EdSnowden: idc
(38:22 / All) PAININTHEREAR.: i cant play a game rihgt now but maybe later good work